 Dungeon Crawl Stone Soup version 0.30.1 (webtiles) character file.

Game seed: 16088491479279919472

237 GeoRichter the Sneak (level 6, -2/30 HPs)
             Began as a Vine Stalker Brigand on July 1, 2023.
             Was an Initiate of Trog.
             Slain by an iguana (7 damage)
             ... on level 4 of the Dungeon.
             The game lasted 00:05:50 (2233 turns).

GeoRichter the Sneak (Vine Stalker Brigand)         Turns: 2233, Time: 00:05:50

Health: -2/30      AC:  6    Str: 22    XL:     6   Next: 6%
Magic:  0/7        EV: 10    Int: 11    God:    Trog [......]
Gold:   137        SH:  0    Dex: 15    Spells: 5/5 levels left

rFire   . . .        a - +2 dagger
rCold   . . .        (no shield)
rNeg    . . .        i - +0 ring mail
rPois   .            (no helmet)
rElec   .            c - +0 cloak
rCorr   .            (no gloves)
SInv    .            (no boots)
Will    .....        j - amulet of faith {!P}
Stlth   ++           o - +6 ring of strength
HPRegen 1.05/turn    (no ring)
MPRegen 0.10/turn

%: guardian spirit, faith
@: no status effects
A: fangs 2, regeneration 1, magic shield, antimagic bite, no potion heal 2
a: Renounce Religion


You were on level 4 of the Dungeon.
You worshipped Trog.
Trog was noncommittal.
You visited 1 branch of the dungeon, and saw 4 of its levels.

You collected 137 gold pieces.

Inventory:

Hand Weapons
 a - a +2 dagger (weapon)
Missiles
 e - 3 curare-tipped darts {!f}
 q - 5 poisoned darts (quivered)
Armour
 c - a +0 cloak (worn)
 g - a +0 scale mail
   (You found it on level 1 of the Dungeon)
 i - a +0 ring mail (worn)
   (You found it on level 1 of the Dungeon)
 r - a +0 kite shield
   (You found it on level 3 of the Dungeon)
Jewellery
 j - an amulet of faith (around neck) {!P}
   (You found it on level 2 of the Dungeon)
 o - a +6 ring of strength (left hand)
   (You found it on level 2 of the Dungeon)
Scrolls
 b - 2 scrolls of teleportation {unknown}
 f - 2 scrolls of poison {unknown}
 p - 2 scrolls of identify {unknown}
Potions
 d - 3 potions of heal wounds {unknown}
 h - a potion of brilliance {unknown}
 k - a potion of mutation {unknown}
 l - a potion of ambrosia {unknown}
 m - a potion of magic {unknown}
 n - 2 potions of curing {unknown}


   Skills:
 - Level 1.7 Fighting
 * Level 4.6 Short Blades
 + Level 3.4 Throwing
 - Level 0.7 Dodging
 - Level 4.8 Stealth


You had 5 spell levels left.
You didn't know any spells.
Your spell library was empty.

Dungeon Overview and Level Annotations

Branches:
Dungeon (4/15) Zot: 21800
 Temple: D:4-7

Altars:
Trog

Annotations:
D:3 2 transporters, ripuliukko's ghost, amateur DEEE


Innate Abilities, Weirdness & Mutations

You have extremely sharp teeth.
Your natural rate of healing is unusually fast.
When hurt, damage is shared between your health and your magic reserves.
Your bite disrupts and absorbs the magic of your enemies.
Potions cannot restore your health.


Message History

You see here a poisoned dart.
There are monsters nearby!
There are monsters nearby!
The iguana bites you.
You hit the iguana but do no damage. The iguana barely misses you.
You hit the iguana but do no damage. You hit the iguana.
The iguana is lightly wounded.
The iguana bites you!
You hit the iguana but do no damage. You bite the iguana. You drain its power.
You feel invigorated.
The iguana is lightly wounded.
The iguana bites you!
* * * LOW HITPOINT WARNING * * *
You hit the iguana. Your bite misses the iguana.
The iguana is moderately wounded.
The iguana barely misses you.
You hit the iguana but do no damage. You bite the iguana! You drain its power.
You feel invigorated.
The iguana is severely wounded.
The iguana bites you.
* * * LOW HITPOINT WARNING * * *
The endoplasm freezes you.
You are frozen.
* * * LOW HITPOINT WARNING * * *
You hit the iguana but do no damage.
The iguana is severely wounded.
You closely miss the iguana. Your bite misses the iguana.
The iguana is severely wounded.
The endoplasm closely misses you.
The iguana bites you but does no damage.
You closely miss the iguana. Your bite misses the iguana.
The iguana is severely wounded.
The endoplasm freezes you.
You are frozen.
* * * LOW HITPOINT WARNING * * *
The iguana bites you!
* * * LOW HITPOINT WARNING * * *
You closely miss the iguana.
The iguana is severely wounded.
The endoplasm freezes you.
You are frozen.
* * * LOW HITPOINT WARNING * * *
The iguana misses you.
You closely miss the iguana.
The iguana is severely wounded.
You barely miss the iguana.
The iguana is severely wounded.
The endoplasm barely misses you. The iguana bites you!
You die...

#....##.#.##.# #[..#
#.#.......##.# #...#
#...###.####.# #...#
#....(..####.###....
...####.).......#####
###.......# #.(####.#
#......... #@J####.##
#.l..# #.#....
#.###### . .# #. #


You could see an iguana and an endoplasm.

Vanquished Creatures
  An ogre (D:4)
  A hound (D:3)
  4 gnolls
  3 adders
  A worm (D:2)
  A dart slug (D:1)
  4 bats
  3 endoplasms
  A giant cockroach (D:3)
  5 goblins
  5 hobgoblins
  6 jackals
  3 kobolds
  2 quokkas (D:1)
  7 ball pythons
  2 frilled lizards
  7 rats
56 creatures vanquished.

Notes
Turn   | Place    | Note
-------+----------+-------------------------------------------
     0 | D:1      | GeoRichter the Vine Stalker Brigand began the quest for the
                  | Orb.
     0 | D:1      | Reached XP level 1. HP: 11/11 MP: 2/2
   118 | D:1      | Reached XP level 2. HP: 15/15 MP: 3/3
   449 | D:1      | Reached XP level 3. HP: 18/18 MP: 4/4
   938 | D:2      | Found a bloodstained altar of Trog.
  1049 | D:2      | Became a worshipper of Trog the Wrathful
  1220 | D:2      | Gained mutation: Your natural rate of healing is unusually
                  | fast. [Vine Stalker growth]
  1220 | D:2      | Reached XP level 4. HP: 23/23 MP: 5/5
  1649 | D:3      | Found a transporter.
  1682 | D:3      | Reached XP level 5. HP: 23/26 MP: 4/6
  1715 | D:3      | Found a transporter.
  1715 | D:3      | Noticed ripuliukko's ghost (amateur DEEE)
  2199 | D:4      | Noticed an ogre
  2207 | D:4      | Killed an ogre
  2208 | D:4      | Reached XP level 6. HP: 24/30 MP: 7/7
  2233 | D:4      | Slain by an iguana

Illustrated notes

Levels and vault maps discovered:
D:1:      lordsloth_arrival_two_stooges, layout_loops_ring,
          chequers_serial_rivers_micro_c, grunt_decor_junction
D:2:      layout_rooms, basic_altar
D:3:      layout_basic, gammafunk_ghost_arena
D:4:      layout_loops_cross, portal_sewer_entry_f

Skill      XL: |  1  2  3  4 |
---------------+-------------+-----
Short Blades   | 2 3 4 |  4.6
Throwing       | 2 3 |  3.4
Fighting       | |  1.7
Dodging        | |  0.7
Stealth        | |  4.8

Action                     |  1- 3 |  4- 6 || total
---------------------------+-------+-------++-------
  Melee: Dagger            |   103 |    81 ||   184
         Bite              |    23 |    20 ||    43
  Throw: Dart              |    21 |    22 ||    43
   Stab: Sleeping          |     4 |     2 ||     6
 Armour: Scale mail        |    19 |       ||    19
         Ring mail         |    14 |    16 ||    30
  Dodge: Dodged            |    47 |    34 ||    81
